[Event "Team 45 45 League T87"]
[Site "Internet Chess Club"]
[Date "2021.01.21"]
[Round "3"]
[White "hipopotamos"]
[Black "cadmiumorange"]
[Result "0-1"]
[WhiteElo "1670"]
[BlackElo "1835"]
[Opening "Scandinavian defense"]
[ECO "B01"]
[Time "14:00:31"]
[TimeControl "2700+45"]

1. e4 d5 2. exd5 Nf6 3. Nc3 Nxd5 4. Nxd5 Qxd5 5. d4 Nc6 6. c3 e5 7. Be3 exd4 8.
Bxd4 Nxd4 9. Qxd4 Qxd4 10. cxd4 Bb4+ 11. Kd1 Bg4+ 12. f3 Be6 13. Bb5+ c6 14. Ba4
Rd8 15. Ne2 Bc5 16. Kc2 Bxd4 17. Rhd1 Bf5+ 18. Kb3 Bf6 19. Rxd8+ Kxd8 20. Rd1+
Kc7 21. Ng3 Be6+ 22. Kc2 Bxa2 23. Ne4 Be7 24. b3 b5 25. Bxb5 cxb5 26. Nc3 Bxb3+
27. Kxb3 Kc6 28. Rc1 Rd8 29. Na4+ Kb7 30. Nc3 Kb6 31. Re1 Bc5 32. Ne4 a5 33. Ng5
a4+ 34. Kc2 Bb4 35. Re2 Rc8+ 36. Kb2 Bc3+ 37. Ka2 b4 38. Nxf7 b3+ 39. Kb1 a3 40.
Re6+ Ka5 41. Re2 a2+ 42. Rxa2+ bxa2+ 43. Kxa2 Kb4 44. Nd6 Ra8+ 45. Kb1 Kb3 46.
Nc4 Ra1# {White checkmated} 0-1

[Event "Team 45 45 League T87"]
[Site "Internet Chess Club"]
[Date "2021.01.21"]
[Round "3"]
[White "cayo89"]
[Black "Kingfisher75"]
[Result "1-0"]
[WhiteElo "1528"]
[BlackElo "1532"]
[Opening "Queen's pawn: Chigorin variation"]
[ECO "D00"]
[Time "19:04:17"]
[TimeControl "2700+45"]

1. d4 d5 2. Nc3 c6 3. Bf4 Nf6 4. e3 Bf5 5. f3 Qb6 6. Rb1 e6 7. g4 Bg6 8. h4 h5
9. g5 Nfd7 10. Bd3 Bxd3 11. Qxd3 g6 12. Nge2 c5 13. Kf2 Bg7 14. Kg2 O-O 15. Qb5
cxd4 16. Qxb6 Nxb6 17. exd4 Nc6 18. Nb5 e5 19. dxe5 Bxe5 20. Bxe5 Nxe5 21. b3 a6
22. Nbd4 Nc6 23. c3 Nxd4 24. Nxd4 Rac8 25. Rbc1 Rfe8 26. Kf2 Nd7 27. Rhd1 Ne5
28. Ne2 Rc5 29. Nf4 Rd8 30. Ke3 Nc6 31. Nd3 d4+ 32. cxd4 Rxc1 33. Nxc1 Nb4 34.
Rd2 Re8+ 35. Kf2 Nd5 36. Nd3 b6 37. Ne5 Kg7 38. Nc4 Re6 39. a3 b5 40. Ne5 f6 41.
gxf6+ Rxf6 42. Rc2 Rf4 43. Rc6 Ne7 44. Re6 Kf8 45. Rxe7 Rxd4 46. Nxg6+ Kg8 47.
Ke3 Rd6 48. Nf4 Kf8 49. Ra7 Rc6 50. Nd5 Rd6 51. Ke4 Rc6 52. Ke5 Rg6 53. Nf4 Rg3
54. Kf6 Ke8 55. Ke6 Kd8 56. Rxa6 Rxf3 57. Nxh5 Rxb3 58. Nf6 Re3+ 59. Kf7 Rh3 60.
h5 Kc7 61. Nd5+ Kd7 62. Kg6 Rg3+ 63. Kh7 Rg5 64. Nf6+ Ke7 65. h6 Rg1 66. Nd5+
Kf8 67. Ra8+ Kf7 68. Ra5 Ra1 69. Ra7+ Kf8 70. Kg6 Rg1+ 71. Kf5 Rf1+ 72. Nf4 Kg8
73. h7+ Kh8 74. Ke5 Rg1 75. Kd5 Rg5+ 76. Kc6 b4 77. Ra8+ Kxh7 78. axb4 Rg4 79.
Nd5 Rg1 80. b5 Rc1+ 81. Kb7 Rc5 82. Nc7 Rc1 83. b6 Kg6 84. Rd8 Kf7 85. Kc8 Ke7
86. Rd7+ Kf6 87. b7 {Black resigns} 1-0

[Event "Team 45 45 League T87"]
[Site "Internet Chess Club"]
[Date "2021.01.21"]
[Round "3"]
[White "fireball"]
[Black "ivanson"]
[Result "0-1"]
[WhiteElo "1513"]
[BlackElo "1616"]
[Opening "Ruy Lopez: closed, Bogolyubov variation"]
[ECO "C91"]
[Time "16:03:42"]
[TimeControl "2700+45"]

1. e4 e5 2. Nf3 Nc6 3. Bb5 a6 4. Ba4 Nf6 5. O-O Be7 6. Re1 b5 7. Bb3 d6 8. c3
O-O 9. d4 Bg4 10. d5 Na5 11. Bc2 Nc4 12. b3 Nb6 13. Be3 Nfd7 14. Nbd2 f5 15.
Bxb6 cxb6 16. h3 Bxf3 17. Nxf3 f4 18. Nh2 Rc8 19. Qd2 Qc7 20. c4 bxc4 21. bxc4
Qxc4 22. Bb3 Qc7 23. Nf3 Nc5 24. Rac1 Qd7 25. Qc2 Kh8 26. Qb1 g5 27. Bd1 b5 28.
Nh2 Qe8 29. Bg4 Rb8 30. Qc2 Bd8 31. Qe2 Ba5 32. Red1 Bb6 33. Rb1 Rb7 34. Bh5 Qe7
35. Ng4 Rc8 36. Nh6 Qf6 37. Nf5 Rbc7 38. Bg4 Nd7 39. Kh2 Ba5 40. Rb2 Rc1 41.
Rxc1 Rxc1 42. Rc2 Rxc2 43. Qxc2 Nc5 44. f3 Bd8 45. Qf2 Qg6 46. h4 gxh4 47. Qc2
h5 48. Bh3 Qf6 49. Kg1 Bb6 50. Kh2 Qd8 51. Qf2 Nxe4 52. Qxh4 Qxh4 53. Nxh4 Nc3
54. Be6 Nxa2 55. Nf5 Bc5 56. Ne7 b4 57. Nc6 b3 58. Bf5 Nc3 59. Na5 b2 60. Nc4
b1=Q 61. Bxb1 Nxb1 62. Kh3 Kg7 63. g4 Kg6 64. Na5 Nc3 65. Nc6 Nxd5 66. Nd8 a5
{White resigns} 0-1

[Event "Team 45 45 League T87"]
[Site "Internet Chess Club"]
[Date "2021.01.25"]
[Round "3"]
[White "Goli"]
[Black "McDreasor"]
[Result "1/2-1/2"]
[WhiteElo "1785"]
[BlackElo "1909"]
[Opening "Sicilian: Alapin's variation (2.c3)"]
[ECO "B22"]
[Time "14:00:28"]
[TimeControl "2700+45"]

1. e4 c5 2. c3 d5 3. exd5 Qxd5 4. d4 Nf6 5. Nf3 Bg4 6. Be2 e6 7. O-O Nc6 8. h3
Bh5 9. Be3 cxd4 10. cxd4 Be7 11. Nc3 Qa5 12. a3 O-O 13. b4 Qc7 14. Rc1 Rac8 15.
Qd2 Rfd8 16. Rfd1 a6 17. Bf4 Bd6 18. Bxd6 Qxd6 19. Qe3 Ne7 20. Ne5 Rxc3 21. Rxc3
Ned5 22. Bxh5 Nxe3 23. Bxf7+ Kh8 24. Rxe3 Nd5 25. Rf3 Rc8 26. Re1 Rc3 27. Bxe6
Rxf3 28. Nxf3 g6 29. Bxd5 Qxd5 30. Re3 h6 31. h4 Kg7 32. Re5 Qc6 33. Rc5 Qd6 34.
Re5 Qc6 35. Re3 Qc1+ 36. Kh2 Qc7+ 37. Kg1 Qc1+ 38. Kh2 Qc7+ 39. Re5 Qd6 40. Kg1
Qc6 {Game drawn by repetition} 1/2-1/2

[Event "Team 45 45 League T87"]
[Site "Internet Chess Club"]
[Date "2021.01.23"]
[Round "3"]
[White "elmaestro"]
[Black "Egmont"]
[Result "1-0"]
[WhiteElo "1648"]
[BlackElo "1708"]
[Opening "English opening"]
[ECO "A20"]
[Time "12:31:21"]
[TimeControl "2700+45"]

1. c4 e5 2. g3 Nf6 3. Bg2 Nc6 4. Nc3 Bc5 5. e3 O-O 6. Nge2 Qe7 7. d3 a6 8. O-O
d6 9. h3 Bf5 10. e4 Bg6 11. Bg5 Qd7 12. Bxf6 gxf6 13. Nd5 Qd8 14. Kh2 Nb4 15. f4
Nxd5 16. cxd5 f5 17. fxe5 fxe4 18. dxe4 dxe5 19. Qd2 Qd6 20. a3 Qb6 21. Qc3 f6
22. b4 Bd6 23. g4 a5 24. bxa5 Rxa5 25. Rfb1 Rb5 26. Rxb5 Qxb5 27. Ng3 Ra8 28.
Qf3 Qb2 29. Rf1 Rf8 30. a4 Bc5 31. Nf5 Bxf5 32. Qxf5 Qb6 33. g5 Be7 34. g6 h6
35. Rb1 Qxb1 36. Qe6+ Kg7 37. Qxe7+ Kg8 38. Qh7# {Black checkmated} 1-0

[Event "Team 45 45 League T87"]
[Site "Internet Chess Club"]
[Date "2021.01.23"]
[Round "3"]
[White "ascoli"]
[Black "Signofthetimes"]
[Result "1-0"]
[WhiteElo "1722"]
[BlackElo "1601"]
[Opening "Caro-Kann: closed (Breyer) variation"]
[ECO "B10"]
[Time "10:00:12"]
[TimeControl "2700+45"]

1. e4 c6 2. d3 d5 3. Nd2 dxe4 4. dxe4 e5 5. Ngf3 Bg4 6. Bc4 Nf6 7. Bxf7+ Ke7 8.
Bb3 Nbd7 9. O-O Qc7 10. h3 Bh5 11. Qe2 Re8 12. Rd1 Kd8 13. Nc4 Kc8 14. Qd3 Nc5
15. Nd6+ Bxd6 16. Qxd6 Nfxe4 17. Qxc7+ Kxc7 18. g4 Bg6 19. Nxe5 Nxb3 20. axb3 a6
21. Bf4 Kc8 22. Nxg6 hxg6 23. Kg2 Rhf8 24. Be3 Nf6 25. Rd6 Rd8 26. Rad1 Rxd6 27.
Rxd6 Rd8 28. Rxd8+ Kxd8 29. Kf3 Ke8 30. Kf4 Nd5+ 31. Ke5 Nb4 32. c3 Nd3+ 33. Kd6
Kd8 34. Bd4 Nxb2 35. Bxg7 Nd3 36. Bd4 Nf4 37. h4 Nd5 38. h5 gxh5 39. gxh5 Ke8
40. h6 Ne7 41. h7 Ng6 42. h8=Q+ Nxh8 43. Bxh8 {Black resigns} 1-0

[Event "Team 45 45 League T87"]
[Site "Internet Chess Club"]
[Date "2021.01.26"]
[Round "3"]
[White "evan7284"]
[Black "cityprosecutor"]
[Result "1-0"]
[WhiteElo "1679"]
[BlackElo "1654"]
[Opening "Queen's pawn: London system"]
[ECO "A45"]
[Time "09:05:40"]
[TimeControl "2700+45"]

1. d4 Nf6 2. Bf4 c5 3. c3 Qb6 4. Qb3 Qxb3 5. axb3 cxd4 6. cxd4 Nc6 7. Nf3 d6 8.
Nc3 Bg4 9. e3 Bxf3 10. gxf3 Nb4 11. Kd2 a6 12. Ra4 Nbd5 13. Nxd5 Nxd5 14. Bg3
Rc8 15. Bd3 Nf6 16. h3 e6 17. Rc1 Rxc1 18. Kxc1 Be7 19. e4 Kd7 20. b4 Rc8+ 21.
Kd2 Kc6 22. Ra3 Kb6 23. Rc3 Rc6 24. Rb3 Kc7 25. b5 Rb6 26. Kc3 Nd7 27. bxa6 bxa6
28. Rxb6 Kxb6 29. Kb4 e5 30. Kc4 exd4 31. Kxd4 Bf6+ 32. Kd5 Ne5 33. Be2 Nc6 34.
Bxd6 Bxb2 35. Bc5+ Kc7 36. Bxa6 Ne5 37. Bd6+ Kb6 38. Bxe5 Bxe5 39. Kxe5 Kxa6 40.
Kd6 Kb5 41. Ke7 f6 42. Kf7 {Black resigns} 1-0